 Dungeon Crawl Stone Soup version 0.32-a0-290-g598725c5f2 (webtiles) character file.

Game seed: 18401877057683435334

12849 croobank the Covert (level 11, -12/58 HPs)
             Began as a Felid Summoner on Feb 13, 2024.
             Was an Elder of Kikubaaqudgha.
             Mangled by an unseen horror simulacrum (14 damage)
             ... on level 10 of the Dungeon.
             The game lasted 00:37:44 (13419 turns).

croobank the Covert (Felid Summoner)               Turns: 13419, Time: 00:37:44

Health: -12/58     AC:  2    Str:  4    XL:     11   Next: 67%
Magic:  26/31      EV: 27    Int: 23    God:    Kikubaaqudgha [****..]
Gold:   693        SH:  0    Dex: 22    Spells: 6/24 levels left
                                        Lives:  0   Deaths: 2

rFire   . . .        (weapon unavailable)
rCold   . . .        (shield unavailable)
rNeg    + . .        (body armour unavailable)
rPois   .            (helmet unavailable)
rElec   .            (cloak unavailable)
rCorr   +            (gloves unavailable)
SInv    +            (boots unavailable)
Will    ++...        (no amulet)
Stlth   +++++        i - ring "Sissuf" {^Contam rN+ rCorr MP+9 Dex+5}
HPRegen 0.29/turn    h - ring of willpower
MPRegen 0.22/turn

%: no passive effects
@: about to teleport
A: very small, claws 1, fangs 3, see invisible, shaggy fur 2, stealthy paws, no
weapons or thrown items, no armour, multi-lived
a: Renounce Religion, Unearth Wretches


You were on level 10 of the Dungeon.
You worshipped Kikubaaqudgha.
Kikubaaqudgha was greatly pleased with you.
You visited 2 branches of the dungeon, and saw 11 of its levels.

You collected 693 gold pieces.

Inventory:

Jewellery
 g - a ring of protection from cold
 h - a ring of willpower (right paw)
 i - the ring "Sissuf" (left paw) {^Contam rN+ rCorr MP+9 Dex+5}
   (You acquired it on level 8 of the Dungeon)

   [ring of resist corrosion]

   Dex+5:     It affects your dexterity (+5).
   rN+:       It protects you from negative energy.
   MP+9:      It affects your magic capacity (+9).
   ^Contam:   It causes magical contamination when unequipped.
   rCorr:     It protects you from acid and corrosion.
 s - a +6 ring of strength
 z - a +6 ring of strength
Wands
 l - a wand of flame (17)
 o - a wand of paralysis (25)
 v - a wand of roots (2)
 y - a wand of mindburst (2)
Scrolls
 e - 3 scrolls of amnesia
 j - 5 scrolls of vulnerability
 t - a scroll of revelation
Potions
 a - a potion of magic
 b - 4 potions of curing
 d - a potion of might
 f - a potion of enlightenment
 k - a potion of attraction
 m - 2 potions of brilliance
 n - a potion of mutation
 p - a potion of degeneration {unknown}
 q - a potion of heal wounds {unknown}
 u - 2 potions of ambrosia {unknown}
 w - a potion of berserk rage {unknown}
 x - a potion of lignification {unknown}


   Skills:
 + Level 7.3 Fighting
 + Level 10.5 Dodging
 + Level 10.9 Stealth
 + Level 7.1 Spellcasting
 + Level 8.6 Summonings
 - Level 5.0 Fire Magic
 * Level 6.0 Air Magic


You had 6 spell levels left.
You knew the following spells:

 Your Spells              Type           Power      Damage    Failure   Level
a - Summon Small Mammal   Summ           100%       N/A       1%          1
b - Call Imp              Summ           96%        N/A       1%          2
c - Call Canine Familiar  Summ           48%        N/A       1%          3
d - Summon Blazeheart Go  Fire/Summ      39%        N/A       4%          4
e - Summon Lightning Spi  Summ/Air       42%        N/A       3%          4
A - Animate Dead          Necr           8%         N/A       58%         4

Your spell library contained the following spells:

 Spells                   Type           Power      Damage    Failure   Level
 Swiftness                Air            36%        N/A       1%          3
 Cigotuvi's Dreadful Rot  Necr/Alch/Air  34%        N/A       4%          2
 Apportation              Tloc           16%        N/A       8%          1
 Kiss of Death            Conj/Necr      32%        2d7       8%          1
 Ensorcelled Hibernation  Hex/Ice        16%        N/A       12%         2
 Jinxbite                 Hex            16%        N/A       12%         2
 Sublimation of Blood     Necr           8%         N/A       12%         2
 Martyr's Knell           Necr/Summ      28%        N/A       13%         4
 Frozen Ramparts          Ice            16%        1d3       22%         3
 Ozocubu's Armour         Ice            8%         N/A       22%         3
 Passwall                 Erth           8%         N/A       22%         3
 Anguish                  Hex/Necr       4%         N/A       58%         4
 Leda's Liquefaction      Alch/Erth      4%         N/A       58%         4
 Petrify                  Alch/Erth      8%         N/A       58%         4
 Alistair's Intoxication  Alch           5%         N/A       91%         5
 Borgnjor's Vile Clutch   Necr/Erth      4%         N/A       91%         5
 Metabolic Englaciation   Hex/Ice        4%         N/A       91%         5
 Death Channel            Necr           4%         N/A       100%        6
 Sculpt Simulacrum        Ice/Alch       4%         N/A       100%        6


Dungeon Overview and Level Annotations

Branches:
Dungeon (10/15)            Temple (1/1) D:5            Lair (0/5) D:8
    Orc (0/2) D:10

Altars:
Ashenzari
Cheibriados
Dithmenos
Elyvilon
Fedhas
Gozag
Hepliaklqana
Kikubaaqudgha
Makhleb
Nemelex Xobeh
Okawaru
Qazlal
Ru
Sif Muna
Trog
Uskayaw
Vehumet
Wu Jian
Xom
Yredelemnul
Zin
The Shining One


Innate Abilities, Weirdness & Mutations

You have sharp claws.
You have razor-sharp teeth.
You have supernaturally acute eyesight. (SInv)
You are covered in thick fur. (AC +2)
Your paws help you pounce on unaware monsters.
You are incapable of wielding weapons or throwing items.
You cannot wear armour.
You gain extra lives every three experience levels.


Message History

Okay, then.
The four-headed hydra bites your lightning spire!
The four-headed hydra bites your lightning spire but does no damage.
The four-headed hydra bites your lightning spire. x2
The fire dragon breathes flames at you. The blast of flame hits you!!!
Ouch! That really hurt!
* * * LOW HITPOINT WARNING * * *
Your lightning spire shoots out a bolt of lightning at the four-headed hydra!
The bolt of electricity hits the four-headed hydra!
What are your orders? t - Meow!
Orders for allies: a - Attack new target. r - Retreat! s - Stop attacking. g - Guard the area. f - Follow me.
Anything else - Cancel.
Gang up on whom?
Press: ? - help, Dir - move target, f - four-headed hydra
Aim: a four-headed hydra (lightly wounded, ally target) Attack!
An unseen horror simulacrum comes into view.
Your blazeheart golem punches the four-headed hydra!!
Your lightning spire shoots out a bolt of lightning at the four-headed hydra!
The bolt of electricity hits the four-headed hydra! x2
The bolt of electricity hits your lightning spire.
Your lightning spire completely resists.
The unseen horror simulacrum completely misses you.
The four-headed hydra bites your lightning spire but does no damage. x2
The four-headed hydra bites your lightning spire!
The four-headed hydra completely misses your lightning spire.
As you read the scroll of teleportation, it crumbles to dust.
You feel strangely unstable. The unseen horror simulacrum hits you.
* * * LOW HITPOINT WARNING * * *
The unseen horror simulacrum freezes you!
* * * LOW HITPOINT WARNING * * *
The unseen horror simulacrum hits you.
* * * LOW HITPOINT WARNING * * *
The unseen horror simulacrum freezes you!
You die...
Kikubaaqudgha rasps: You have failed me!
Welcome... death!

.........~~≈..# *,*****,********
....~~≈≈~~....# #.#,*,*,*,,,*,*,
..~≈≈≈..≈.....# #.#,,,*,*,,***,,
#~≈~.....'#'### #.#,,,,,,,,,*,,,
##≈......'#.# #.###..,,*****,,
..#......##.######.....*,,,,,,,,*
#.#......'.......).#,,,*,,,,,**,*
.........#######.Z.#*,,*,,,***,,*
#...............@..#,,,*,*,,,**,,
#.............##9D.#,*,*,*,*,*,*,
#...÷..........#.)I#****,********
#.#÷######.....#D..#*,*,,,*,***,,
#.#†# #..D......#,,,*,*,,,*,,*
#.#.# #.........#*.*,*,*,**,**
#.#.# #.........#.#,,,,,*,*,*,
*,#.# #...........,*,*,*,,,,*,
,,#.######<.÷).....#.*,,,,,*,*,*,


You could see a fire dragon (catching breath), a four-headed hydra (distracted,
ally target), an unseen horror simulacrum, a friendly lightning spire (summoned)
and a friendly blazeheart golem (summoned).

Vanquished Creatures
  2 centaur warriors (D:10)
  An occultist (D:10)
  Amaemon (D:9)
  A cyclops (D:10)
  An orange demon (D:9)
  Maggie (D:8)
  Jeremiah (D:8)
  2 trolls (D:10)
  A hornet (D:9)
  A vampire (D:5)
  6 yaks
  An orc warrior (D:7)
  An ice beast (D:8)
  A centaur (D:10)
  An ogre (D:5)
  A wolf (D:8)
  A bullfrog (D:6)
  2 wights
  2 killer bees (D:10)
  2 electric eels (D:6)
  A howler monkey (D:10)
  A hound (D:7)
  2 iguanas
  2 orc wizards
  2 gnolls
  2 dart slugs (D:6)
  3 orcs
  A ball python (D:1)
  A giant cockroach (D:4)
  A goblin (D:1)
  2 hobgoblins
  2 jackals (D:1)
  A frilled lizard (D:2)
  2 rats (D:2)
53 creatures vanquished.

Vanquished Creatures (collateral kills)
  A two-headed ogre (D:7)
  Maurice (D:8)
  A rime drake (D:8)
  Psyche (D:8)
  Grinder (D:3)
  2 wyverns
  8 yaks
  3 water moccasins
  3 ice beasts
  An orc warrior (D:7)
  3 black bears
  An ogre (D:5)
  4 centaurs
  3 kobold brigands
  A bullfrog (D:8)
  A gnoll sergeant (D:9)
  2 scorpions
  7 wights
  4 killer bees (D:10)
  5 hounds
  3 bombardier beetles (D:5)
  A jelly (D:7)
  2 orc priests
  2 sleepcaps
  8 orc wizards
  12 gnolls
  5 adders
  A shadow imp (D:7)
  A white imp (D:7)
  10 dart slugs
  4 ribbon worms
  37 orcs
  A ball python (D:3)
  3 bats
  7 endoplasms
  4 giant cockroaches (D:6)
  4 hobgoblins
  10 jackals
  A quokka (D:5)
  2 frilled lizards (D:3)
  8 goblins
  13 kobolds
  A rat (D:2)
193 creatures vanquished.

Vanquished Creatures (others)
  A kobold demonologist (D:10)
  35 blazeheart cores
36 creatures vanquished.

Grand Total: 282 creatures vanquished

Notes
Turn   | Place    | Note
-------+----------+-------------------------------------------
     0 | D:1      | croobank the Felid Summoner began the quest for the Orb.
     0 | D:1      | Reached XP level 1. HP: 9/9 MP: 4/4
   219 | D:1      | Reached XP level 2. HP: 8/13 MP: 3/6
   222 | D:1      | Learned a level 2 spell: Call Imp
   386 | D:1      | Reached XP level 3. HP: 16/16 MP: 3/7
  1097 | D:2      | Learned a level 3 spell: Call Canine Familiar
  1413 | D:2      | Reached XP level 4. HP: 21/21 MP: 6/8
  1413 | D:2      | Gained a life (2 lives remaining)
  2541 | D:3      | Reached skill level 1 in Fighting
  2599 | D:3      | Reached XP level 5. HP: 25/25 MP: 6/10
  2653 | D:3      | You fall into a shaft and drop 3 floors!
  2787 | D:6      | Gained mutation: You are covered in thick fur. (AC +2)
                  | [Felid growth]
  2787 | D:6      | Reached XP level 6. HP: 30/30 MP: 11/11
  2802 | D:6      | Reached skill level 5 in Summonings
  2856 | D:5      | Entered Level 5 of the Dungeon
  2856 | D:5      | Found a staircase to the Ecumenical Temple.
  2949 | D:5      | Noticed an ice beast
  2962 | D:5      | Killed an ice beast
  2963 | D:5      | Reached skill level 5 in Dodging
  2963 | D:5      | Reached skill level 5 in Stealth
  2979 | Temple   | Entered the Ecumenical Temple
  2986 | Temple   | Became a worshipper of Kikubaaqudgha
  3190 | D:3      | Noticed Grinder
  3213 | D:3      | Killed Grinder
  3214 | D:3      | Reached XP level 7. HP: 35/35 MP: 5/13
  3219 | D:3      | Learned a level 4 spell: Summon Blazeheart Golem
  3411 | D:3      | Found a faded altar of an unknown god.
  3904 | D:3      | Reached skill level 1 in Fire Magic
  4271 | D:4      | Found a shimmering altar of Xom.
  4476 | D:4      | Reached * piety under Kikubaaqudgha
  4476 | D:4      | Received a gift from Kikubaaqudgha
  4483 | D:4      | Learned a level 4 spell: Animate Dead
  4955 | D:5      | Reached XP level 8. HP: 40/40 MP: 11/15
  7235 | D:6      | Reached XP level 9. HP: 45/45 MP: 7/17
  8007 | D:7      | Reached skill level 5 in Spellcasting
  8008 | D:7      | Reached ** piety under Kikubaaqudgha
  8021 | D:7      | Noticed a two-headed ogre
  8033 | D:7      | Killed a two-headed ogre
  8034 | D:7      | Reached skill level 5 in Fighting
  8034 | D:7      | Reached skill level 5 in Fire Magic
  8518 | D:7      | Learned a level 4 spell: Summon Lightning Spire
  9554 | D:8      | Noticed Maurice
  9554 | D:8      | Noticed Jeremiah
  9559 | D:8      | Maurice stole a +6 ring of strength
  9800 | D:8      | Noticed a rime drake
  9823 | D:8      | Killed a rime drake
  9824 | D:8      | Reached skill level 1 in Air Magic
  9824 | D:8      | Reached XP level 10. HP: 51/51 MP: 15/19
  9955 | D:8      | Noticed Maggie
  9968 | D:8      | Killed Maggie
  9971 | D:8      | Identified a scroll of acquirement
  9971 | D:8      | Acquired the ring "Sissuf" {^Contam rN+ rCorr MP+9 Dex+5}
 10156 | D:8      | Killed Jeremiah
 10530 | D:8      | Found a staircase to the Lair.
 10749 | D:8      | Killed Maurice
 11020 | D:8      | Found an opulent altar of Gozag.
 11025 | D:8      | Found a basalt altar of Yredelemnul.
 11081 | D:8      | Noticed Psyche
 11095 | D:8      | Killed Psyche
 11558 | D:9      | Noticed an orange demon
 11561 | D:9      | Noticed Amaemon
 11568 | D:9      | Killed an orange demon
 11596 | D:9      | Killed Amaemon
 11953 | D:9      | Reached *** piety under Kikubaaqudgha
 11953 | D:9      | Received a gift from Kikubaaqudgha
 12165 | D:9      | Paralysed by a hornet for 1 turns
 12187 | D:9      | Reached skill level 10 in Stealth
 12213 | D:9      | Reached XP level 11. HP: 58/58 MP: 15/21
 12795 | D:10     | Entered Level 10 of the Dungeon
 12972 | D:10     | Noticed an orc knight
 12991 | D:10     | Noticed a two-headed ogre
 13043 | D:10     | Reached skill level 5 in Air Magic
 13148 | D:10     | Found a staircase to the Orcish Mines.
 13157 | D:10     | Reached skill level 10 in Dodging
 13174 | D:10     | Noticed an occultist
 13175 | D:10     | Reached **** piety under Kikubaaqudgha
 13186 | D:10     | Killed an occultist
 13226 | D:10     | Noticed a sixfirhy
 13227 | D:10     | Noticed a centaur warrior
 13232 | D:10     | HP: 1/58 [centaur warrior/arrow (17)]
 13237 | D:10     | Shot with an arrow by a centaur warrior
 13237 | D:10     | Lost a life (1 life remaining)
 13237 | D:10     | Killed a centaur warrior
 13237 | D:10     | Noticed a fire dragon
 13298 | D:10     | Noticed a centaur warrior
 13305 | D:10     | Shot with an arrow by a centaur warrior
 13305 | D:10     | Lost a life (0 lives remaining)
 13410 | D:10     | Killed a centaur warrior
 13410 | D:10     | Noticed a four-headed hydra
 13419 | D:10     | HP: 2/58 [unseen horror simulacrum (1)]
 13419 | D:10     | Mangled by an unseen horror simulacrum

Illustrated notes

Levels and vault maps discovered:
D:1:      minmay_arrival_pointy, layout_loops_ring
D:2:      layout_loops_ring, amcnicky_mini_rare_corridor_liquid
D:3:      layout_basic, ebering_ecumenical_altar_sacrificial,
          minmay_box_of_dots, uniq_grinder
D:4:      layout_basic, lemuel_tele_altar
D:5:      cheibrodos_barr_body, layout_cave_pods, minmay_temple_entry_wispy
D:6:      kennysheep_slugbush, layout_loops_cross, gup_sewer_entry_glass
D:7:      layout_layer_cave
D:8:      layout_gridville, minitemple, hellmonk_lair_entry_icy,
          chequers_serial_rivers_small_b, uniq_psyche, uniq_maurice,
          uniq_maggie, uniq_jeremiah
D:9:      layout_stronghold, uniq_amaemon
D:10:     minmay_the_grid_3x3 [minmay_the_grid_spikes,
          minmay_the_grid_diamond_grid, minmay_the_grid_slots,
          minmay_the_grid_tiny_cups, minmay_the_grid_all_tris,
          minmay_the_grid_medium_cups, minmay_the_grid_armoury,
          minmay_the_grid_tri_star, minmay_the_grid_prize_inner_circle],
          layout_basic, serial_shops, nicolae_shop_tiny_waterfront,
          chequers_serial_rivers_small_a
Temple:   nicolae_temple_bog_church

Skill      XL: |  1  2  3  4  5  6  7  8  9 10 11 |
---------------+----------------------------------+-----
Stealth        | 3 4 5 6 7 8 10 | 10.9
Dodging        | 3 4 5 6 7 8 9 10 | 10.5
Fighting       | 1 2 3 4 5 6 7 |  7.3
Spellcasting   | 3 4 5 6 7 |  7.1
Summonings     | 5 6 7 8 |  8.6
Fire Magic     | 2 3 5 |  5.0
Air Magic      | 1 4 6 |  6.0

Action                     |  1- 3 |  4- 6 |  7- 9 | 10-12 || total
---------------------------+-------+-------+-------+-------++-------
  Melee: Unarmed           |    15 |    20 |    66 |    44 ||   145
         Bite              |     2 |     1 |    12 |     6 ||    21
         Punch             |       |     1 |     1 |     1 ||     3
   Cast: Summon Small Mamm |    30 |    13 |    46 |    12 ||   101
         Call Imp          |     9 |    13 |    31 |     9 ||    62
         Call Canine Famil |     2 |    10 |    25 |    10 ||    47
         Summon Blazeheart |       |       |    21 |    31 ||    52
         Summon Lightning  |       |       |     3 |    25 ||    28
  Evoke: Wand              |       |     7 |       |     6 ||    13
    Use: Scroll            |       |     4 |     9 |    11 ||    24
         Potion            |       |       |     1 |     2 ||     3
   Stab: Sleeping          |     2 |     4 |     6 |     2 ||    14
         Distracted        |       |       |     2 |       ||     2
         Invisible         |       |       |       |     1 ||     1
 Armour: Skin              |    11 |     9 |    42 |    47 ||   109
  Dodge: Dodged            |    27 |    24 |   141 |   119 ||   311

Table legend: (Time is in decaauts)
 A = Elapsed time spent in this place.
 B = Non-inter-level travel time spent in this place.
 C = Inter-level travel time spent in this place.
 D = Time resting spent in this place.
 E = Time spent auto-exploring this place.
 F = Levels seen in this place.
 G = Mean time per level.
                   A        B        C        D        E       F      G
               +--------+--------+--------+--------+--------+-----+--------+
         Total |  13441 |  13141 |    300 |   3282 |   7189 |  11 | 1221.9 |
       Dungeon |  13425 |  13132 |    293 |   3282 |   7189 |  10 | 1342.5 |
        Temple |     15 |      8 |      7 |      0 |      0 |   1 |   15.0 |
               +--------+--------+--------+--------+--------+-----+--------+

Top non-repeatable levels by time:
     D:5: 2096 daAuts
     D:8: 1995 daAuts
     D:7: 1613 daAuts
     D:2: 1432 daAuts
     D:9: 1244 daAuts
     D:4: 1225 daAuts
     D:1: 1092 daAuts
     D:3: 1090 daAuts
     D:6: 1011 daAuts
    D:10: 625 daAuts
  Temple: 15 daAuts
